 Dungeon Crawl Stone Soup version 0.28-a0-726-g4a9143789a (webtiles) character file.

Game seed: 7501961642536529605

91 spiderkeys the Skirmisher (level 4, -2/29 HPs)
             Began as a Kobold Abyssal Knight on Oct 28, 2021.
             Was a Follower of Lugonu.
             Killed from afar by Terence (9 damage)
             ... with a puff of flame
             ... on level 2 of the Dungeon.
             The game lasted 00:02:49 (2793 turns).

spiderkeys the Skirmisher (Kobold Abyssal Knight)   Turns: 2793, Time: 00:02:50

Health: -2/29      AC:  6    Str: 10    XL:     4   Next: 87%
Magic:  6/6        EV: 15    Int:  9    God:    Lugonu [*.....]
Gold:   141        SH:  0    Dex: 16    Spells: 3/3 levels left

rFire   . . .      SeeInvis .   a - +1 short sword
rCold   . . .      Faith    .   (shield restricted)
rNeg    . . .      Spirit   .   b - +0 leather armour
rPois   +          Reflect  .   (no helmet)
rElec   +          Harm     .   (no cloak)
rCorr   .          Rampage  .   c - +0 pair of gloves of Quantum Leap {rElec rPois Will+}
Will    +....                   (no boots)
Stlth   +++.......              (no amulet)
HPRegen 0.09/turn               (no ring)
MPRegen 0.10/turn               (no ring)

@: no status effects
A: small, no large weapons, nightstalker 3, iridescent scales 1, dopey 1, wild
magic 1
a: Renounce Religion, Depart the Abyss


You were on level 2 of the Dungeon.
You worshipped Lugonu.
Lugonu was aware of your devotion.
You visited 1 branch of the dungeon, and saw 2 of its levels.
You visited the Abyss 1 time.

You collected 141 gold pieces.


Innate Abilities, Weirdness & Mutations

You are small and have problems with some larger weapons.
You are completely attuned to the shadows.
You are partially covered in iridescent scales. (AC +2)
You are dopey. (Int -2)
Your spells are a little harder to cast, but a little more powerful.


   Skills:
 + Level 3.9 Fighting
 + Level 3.5 Short Blades
 - Level 0.7 Armour
 + Level 3.3 Dodging
 + Level 2.4 Stealth
 + Level 2.8 Invocations


You had 3 spell levels left.
You didn't know any spells.
Your spell library was empty.

Inventory:

Hand Weapons
 a - a +1 short sword (weapon)
Missiles
 d - 35 arrows
 e - 60 stones
 g - 2 poisoned darts
 h - 17 sling bullets
 j - 18 bolts
Armour
 b - a +0 leather armour (worn)
 c - the +0 pair of gloves of Quantum Leap (worn) {rElec rPois Will+}
   (You found it on level 2 of the Abyss)

   rElec:     It insulates you from electricity.
   rPois:     It protects you from poison.
   Will:      It increases your willpower.
Scrolls
 i - 2 scrolls of teleportation {unknown}
Potions
 f - a potion of flight {unknown}
 k - a potion of curing {@q1}

Dungeon Overview and Level Annotations

Branches:
Dungeon (2/15)

Altars:

Annotations:
D:2 Terence

.#
#.................#
.#
#.......#####..#.##
.#
.......######.#)#
.#
....(.........#.#
.#
..[.(.#######.>)#
.# ....(.#
##..##### .#
....(.# #.†..... .#
####@## #...#### .#
#@# #..># .# #.#
#...# .# #.# #...#
)###############.#
.................#
##################


You could see Terence (poisoned).


Message History

No target in view!
No target in view!
You see here a giant cockroach corpse.
There is a stone staircase leading down here.
Terence the Incautious comes into view.
He is wielding a +0 mace and carrying a wand of flame (16).
You hit Terence.
Terence zaps a wand.
The puff of flame hits you! 😕 HP[-7]
You take 7 damage, and now have 22/29 hp.
MASSIVE DAMAGE!! (PAUSE) Terence zaps a wand.
The puff of flame hits you. 😮 HP[-2]
You take 2 damage, and now have 20/29 hp.
Terence zaps a wand.
The puff of flame misses you.
Terence zaps a wand.
The puff of flame misses you. 😮 HP[+1]
There is a stone staircase leading up here.
You climb upwards.
There is a stone staircase leading down here.
You start resting. 😎 HP[+8]
Your hp is fully restored (29).
You see here a +0 short sword.
There is an escape hatch in the floor here.
There is a stone staircase leading down here.
You climb downwards.
Level annotation: Terence
There is a stone staircase leading up here.
k - a potion of curing {@q1} You see here a +0 war axe.
You open the door.
There is an open door here.
Okay, then.
You aren't carrying any items that you can evoke.
Throw: 7 darts (poison)
Press: ? - help, Shift-Dir - straight line, f - Terence
Aim: Terence, wielding a +0 mace, wearing a +0 scale mail and carrying a wand of flame (12) (64% to hit)
You throw a poisoned dart. The poisoned dart hits Terence.
Throw: 6 darts (poison)
Press: ? - help, Shift-Dir - straight line, f/p - Terence
Aim: Terence, wielding a +0 mace, wearing a +0 scale mail and carrying a wand of flame (12) (64% to hit)
You throw a poisoned dart. The poisoned dart hits Terence.
Throw: 5 darts (poison)
Press: ? - help, Shift-Dir - straight line, f/p - Terence
Aim: Terence, wielding a +0 mace, wearing a +0 scale mail and carrying a wand of flame (12) (64% to hit)
You throw a poisoned dart. The poisoned dart hits Terence.
Terence zaps a wand.
The puff of flame hits you. 😕 HP[-4]
You take 4 damage, and now have 25/29 hp.
Unknown command.
You hit Terence but do no damage.
Terence hits you with a +0 mace. 😕 HP[-1]
You take 1 damage, and now have 24/29 hp.
You closely miss Terence. Terence misses you.
You barely miss Terence.
Terence zaps a wand.
The puff of flame misses you.
Terence zaps a wand.
The puff of flame misses you.
There is an open door here.
Terence zaps a wand.
The puff of flame hits you but does no damage.
Throw: 4 darts (poison)
Press: ? - help, Shift-Dir - straight line, f/p - Terence
Aim: Terence, wielding a +0 mace, wearing a +0 scale mail and carrying a wand of flame (8) (64% to hit)
You throw a poisoned dart. The poisoned dart hits Terence.
Terence is poisoned.
Throw: 3 darts (poison)
Press: ? - help, Shift-Dir - straight line, f/p - Terence
Aim: Terence, wielding a +0 mace, wearing a +0 scale mail and carrying a wand of flame (8) (lightly wounded, poisoned, 64% to hit)
You throw a poisoned dart. The poisoned dart hits Terence.
Terence looks even sicker.
You hit Terence.
Terence hits you with a +0 mace. 😮 HP[-4]
You take 4 damage, and now have 20/29 hp.
You hit Terence but do no damage. Terence misses you.
You closely miss Terence. Terence barely misses you.
You hit Terence. Terence barely misses you.
You closely miss Terence. Terence misses you.
You hit Terence. Terence misses you. 😮 HP[+1]
You closely miss Terence.
Terence zaps a wand.
The puff of flame hits you!
* * * LOW HITPOINT WARNING * * *
😨 HP[-10]
You take 10 damage, and now have 11/29 hp.
MASSIVE DAMAGE!! (PAUSE)
You hit Terence but do no damage. Terence hits you with a +0 mace.
* * * LOW HITPOINT WARNING * * *
😱 HP[-4]
You take 4 damage, and now have 7/29 hp.
You barely miss Terence.
Terence zaps a wand.
The puff of flame hits you!
You die...

Skill      XL: |  1  2  3  4 |
---------------+-------------+-----
Short Blades   | 3 |  3.5
Stealth        | 1 2 |  2.4
Dodging        | 3 |  3.3
Fighting       | |  3.9
Armour         | |  0.7
Invocations    | |  2.8

Action                   |  1- 3 |  4- 6 || total
-------------------------+-------+-------++-------
Melee: Short sword       |   115 |    41 ||   156
Throw: Dart              |       |     8 ||     8
Invok: Depart the Abyss  |     1 |       ||     1
  Use: Scroll            |     1 |       ||     1
       Potion            |       |     2 ||     2
 Stab: Sleeping          |     7 |     4 ||    11
Armor: Leather armour    |    18 |     3 ||    21
Dodge: Dodged            |    79 |    20 ||    99

Levels and vault maps discovered:
D:1:      psy_arrival_whirlpool, layout_loops_ring, chequers_decorated_corner
D:2:      layout_basic, shapermc_ecumenical_altar_starsandcircs, uniq_terence,
          uniq_jessica

Notes
Turn   | Place    | Note
-------+----------+-------------------------------------------
     0 | Abyss:1  | spiderkeys the Kobold Abyssal Knight began the quest for
                  | the Orb.
     0 | Abyss:1  | Reached XP level 1. HP: 14/14 MP: 2/2
     0 | Abyss:1  | magus.rc [v1.9.10]
    98 | Abyss:2  | Identified the +0 pair of gloves of Quantum Leap {rElec
                  | rPois Will+}
   210 | Abyss:2  | Noticed a small abomination
   212 | D:1      | You pass through the gate.
   212 | D:1      | Escaped the Abyss
   418 | D:1      | Reached * piety under Lugonu
   419 | D:1      | Reached XP level 2. HP: 19/19 MP: 3/3
   470 | D:1      | Reached skill level 3 in Short Blades
   470 | D:1      | Reached skill level 1 in Stealth
   574 | D:1      | Reached XP level 3. HP: 22/23 MP: 4/4
   656 | D:1      | HP: 4/23 [gnoll (4)]
  1618 | D:2      | Reached skill level 3 in Dodging
  1786 | D:2      | Reached XP level 4. HP: 27/29 MP: 5/5
  1837 | D:2      | Reached skill level 2 in Stealth
  1864 | D:2      | Noticed Jessica
  1875 | D:2      | Gained mutation: Your spells are a little harder to cast,
                  | but a little more powerful. [potion of mutation]
  1875 | D:2      | Gained mutation: You are dopey. (Int -2) [potion of
                  | mutation]
  1875 | D:2      | Gained mutation: You are partially covered in iridescent
                  | scales. (AC +2) [potion of mutation]
  1877 | D:2      | Killed Jessica
  2458 | D:2      | Found a faded altar of an unknown god.
  2546 | D:2      | Noticed Terence
  2792 | D:2      | HP: 7/29 [Terence (4)]
  2793 | D:2      | Killed from afar by Terence

Vanquished Creatures
  Jessica (D:2)
  A gnoll (D:1)
  A worm (D:2)
  2 dart slugs (D:1)
  4 endoplasms
  3 giant cockroaches
  4 goblins
  2 hobgoblins
  8 jackals (D:2)
  3 quokkas
  4 ball pythons
  A bat (D:1)
  5 kobolds
  3 rats
42 creatures vanquished.

Table legend:
 A = Non-vault XP
 B = Vault XP
 C = Vault XP percentage of total XP
 D = Non-vault monster count
 E = Vault monster count
 F = Vault count percentage of total count
                 A         B        C        D         E       F
            +---------+---------+-------+---------+---------+-------
      Total |      93 |      37 |  28.5 |      41 |       1 |   2.4
            +---------+---------+-------+---------+---------+-------
        D:1 |      50 |       0 |   0.0 |      19 |       0 |   0.0
        D:2 |      43 |      37 |  46.2 |      22 |       1 |   4.3
            +---------+---------+-------+---------+---------+-------

Illustrated notes

Table legend:
 A = Kills in this place as a percentage of kills in entire the game.
 B = Kills by you in this place as a percentage of kills by you in the entire game.
 C = Kills by friends in this place as a percentage of kills by friends in the entire game.
 D = Other kills in this place as a percentage of other kills in the entire game.
 E = Experience gained in this place as a percentage of experience gained in the entire game.
 F = Experience gained in this place divided by the number of levels of this place that you have seen.
                   A       B       C       D       E      F
               +-------+-------+-------+-------+-------+----------------------
         Total | 100.0 | 100.0 |   N/A |   N/A | 100.0 |  32.5
       Dungeon | 100.0 | 100.0 |   N/A |   N/A | 100.0 |  65.0
               +-------+-------+-------+-------+-------+----------------------

Table legend: (Time is in decaauts)
 A = Elapsed time spent in this place.
 B = Non-inter-level travel time spent in this place.
 C = Inter-level travel time spent in this place.
 D = Time resting spent in this place.
 E = Time spent auto-exploring this place.
 F = Levels seen in this place.
 G = Mean time per level.
                   A        B        C        D        E       F      G
               +--------+--------+--------+--------+--------+-----+--------+
         Total |   2787 |   2678 |    109 |     81 |   2267 |   4 |  696.8 |
       Dungeon |   2576 |   2467 |    109 |     81 |   2073 |   2 | 1288.0 |
         Abyss |    211 |    211 |      0 |      0 |    194 |   2 |  105.5 |
               +--------+--------+--------+--------+--------+-----+--------+

Top non-repeatable levels by time:
     D:1: 1308 daAuts
     D:2: 1267 daAuts
 Abyss:2: 118 daAuts
 Abyss:1: 93 daAuts
